 Dungeon Crawl Stone Soup version 0.31-a0-164-g2312942fda (webtiles) character file.

Game seed: 4648722580394739280

36454 rabbitsville the Warrior (level 13, -14/124 (130) HPs)
             Began as a Hill Orc Monk on June 13, 2023.
             Was a High Priest of Beogh.
             Demolished by an orc knight
             ... wielding a +1 great sword of draining
              (43 damage)
             ... on level 2 of the Orcish Mines on June 14, 2023.
             The game lasted 01:36:47 (17198 turns).

rabbitsville the Warrior (Hill Orc Monk)           Turns: 17198, Time: 01:36:47

HP:   -14/124 (130) AC: 17    Str: 19    XL:     13   Next: 90%
MP:   24/24         EV:  6    Int: 10    God:    Beogh [*****.]
Gold: 1808          SH: 15    Dex: 13    Spells: 12/12 levels left

rFire   + . .        g - +0 war axe
rCold   . . .        Y - +0 tower shield
rNeg    . . .        I - +2 chain mail {rF+}
rPois   +            S - +1 hat
rElec   .            L - +1 cloak {rCorr}
rCorr   +            k - +0 pair of gloves
SInv    .            e - +0 pair of boots
Will    .....        (no amulet) Stlth
                     j - +4 ring of slaying
HPRegen 0.40/turn    Q - ring of poison resistance
MPRegen 0.19/turn

%: no passive effects
@: lightly drained
A: walk on water
a: Renounce Religion, Smiting, Recall Orcish Followers, Give Item to Named
Follower


You were on level 2 of the Orcish Mines.
You worshipped Beogh.
Beogh was extremely pleased with you.
You visited 3 branches of the dungeon, and saw 18 of its levels.
You also visited: Gauntlet.

You collected 1808 gold pieces.

Inventory:

Hand Weapons
 g - a +0 war axe (weapon)
 z - the +8 dagger of Disorder {pain, *Rage rC+ Int+3 Dex+2}
   (You found it on level 4 of the Dungeon)

   Int:       It affects your intelligence (+3).
   Dex:       It affects your dexterity (+2).
   rC:        It protects you from cold.
   *Rage:     It berserks you when you make melee attacks (+20% chance).
 D - a +3 arbalest of freezing
 U - a +1 hand axe of flaming
Missiles
 f - 24 poisoned darts
 G - a throwing net
 O - 6 boomerangs
Armour
 d - an orb of light
 e - a +0 pair of boots (worn)
 k - a +0 pair of gloves (worn)
 s - a +0 plate armour
 I - a +2 chain mail of fire resistance (worn)
 L - a +1 cloak of preservation (worn)
 S - a +1 hat (worn)
 Y - a +0 tower shield (worn)
Jewellery
 j - a +4 ring of slaying (left hand)
 u - a +6 ring of dexterity
 Q - a ring of poison resistance (right hand)
 X - a ring of willpower
 Z - the ring of Exkysidd {*Corrode rC+ Str+6 SInv}
   (You found it on level 2 of the Lair of Beasts)

   [ring of protection from cold]

   Str:       It affects your strength (+6).
   rC:        It protects you from cold.
   SInv:      It lets you see invisible.
   *Corrode:  It may corrode you when you take damage.
Wands
 a - a wand of polymorph (2)
 C - a wand of flame (42)
 F - a wand of acid (8)
 J - a wand of iceblast (7)
 N - a wand of charming (20)
Scrolls
 h - 2 scrolls of torment
 i - 11 scrolls of teleportation
 l - 4 scrolls of blinking
 m - 2 scrolls of brand weapon
 n - 2 scrolls of poison {unknown}
 o - 3 scrolls of fog
 q - 3 scrolls of immolation
 t - a scroll of noise {unknown}
 y - 8 scrolls of identify
 B - 2 scrolls of amnesia
 R - a scroll of butterflies {unknown}
 V - 3 scrolls of fear
Potions
 b - a potion of resistance {unknown}
 c - a potion of cancellation {unknown}
 p - 2 potions of mutation
 r - a potion of curing
 v - 2 potions of heal wounds
 w - a potion of magic {unknown}
 x - a potion of invisibility {unknown}
 A - a potion of berserk rage {unknown}
 E - 4 potions of might
 H - a potion of brilliance {unknown}
 K - 2 potions of degeneration {unknown}
 M - 4 potions of haste
 T - a potion of enlightenment {unknown}
 W - 3 potions of lignification


   Skills:
 + Level 16.3 Fighting
 - Level 16.1 Axes
 - Level 4.3 Armour
 - Level 2.4 Dodging
 * Level 8.4 Shields
 + Level 15.6 Invocations


You had 12 spell levels left.
You didn't know any spells.
Your spell library contained the following spells:

 Spells                   Type           Power      Damage    Failure   Level
 Apportation              Tloc           0%         N/A       100%        1
 Necrotise                Necr           0%         1d4       100%        1
 Summon Small Mammal      Summ           0%         N/A       100%        1
 Dazzling Flash           Conj/Hex       0%         N/A       100%        3
 Hailstorm                Conj/Ice       0%         3d3       100%        3
 Tukima's Dance           Hex            0%         N/A       100%        3
 Vampiric Draining        Necr           0%         2d6       100%        3
 Ice Form                 Ice/Tmut       0%         N/A       100%        4
 Passage of Golubria      Tloc           0%         N/A       100%        4
 Summon Ice Beast         Ice/Summ       0%         N/A       100%        4
 Agony                    Necr           0%         N/A       100%        5
 Alistair's Intoxication  Tmut/Pois      0%         N/A       100%        5
 Silence                  Hex/Air        0%         N/A       100%        5
 Summon Forest            Summ/Tloc      0%         N/A       100%        5
 Summon Mana Viper        Hex/Summ       0%         N/A       100%        5
 Yara's Violent Unravell  Hex/Tmut       0%         3d3       100%        5
 Simulacrum               Ice/Necr       0%         N/A       100%        6
 Summon Cactus Giant      Summ           0%         N/A       100%        6
 Monstrous Menagerie      Summ           0%         N/A       100%        7


Dungeon Overview and Level Annotations

Branches:
Dungeon (11/15)            Temple (0/1) D:6            Lair (5/5) D:11
  Swamp (0/4) Lair:2       Spider (0/4) Lair:3        Slime (0/5) Lair:4
    Orc (2/2) D:9         Gauntlet (visited)
    Elf: Orc:2

Altars:
Elyvilon
Fedhas
Gozag
Nemelex Xobeh
Ru
Sif Muna
Trog
Vehumet
Wu Jian
Xom
Beogh
Jiyva

Shops:
D:2 !   D:6 :   Orc:1 (

Annotations:
D:5 1 runed translucent door, Crazy Yiuf
D:10 exclusion: obsidian statue
Lair:5 exclusion: oklob plant


Message History

The orc priest completely misses your orc priest.
Your orc priest hits the orc knight but does no damage.
Your orc priest closely misses the orc priest.
Your orc priest hits the orc knight but does no damage.
You block the orc knight's attack.
Your orc priest calls down the wrath of Beogh upon the orc knight.
The orc knight is smitten.
The orc knight hits you with a +0 dire flail!!
You hit the orc knight.
The orc knight is severely wounded.
You hit the orc knight but do no damage.
The orc priest calls down the wrath of Beogh upon you.
Beogh smites you!
Your orc priest looks satisfied for a moment.
The orc knight hits you with a +1 great sword of draining!!
You feel drained.
You slash the orc knight!
The orc knight is almost dead.
You slash the orc knight!
The orc knight hits you with a +0 dire flail!!
The orc priest hits your orc priest with a +0 hand axe!
Your orc priest dies!
You block the orc knight's attack.
You swap places.
The orc knight barely misses your orc warrior.
Your orc warrior barely misses the orc knight.
The orc knight hits your orc warrior with a +0 dire flail!!
Your orc warrior dies!
The orc knight is smitten.
The orc knight dies!
Beogh accepts your kill.
Your orcs go into a battle-frenzy!
The orc knight hits you with a +1 great sword of draining!
* * * LOW HITPOINT WARNING * * *
You feel drained.
* * * LOW HITPOINT WARNING * * *
You swap places.
The orc knight hits you with a +1 great sword of draining!!!
You die...
Beogh appreciates the orc knight's killing of a heretic priest.

......................#
.♣.................##...
.............####### ###
~.♣P.......oo#.....#
~###.......oo#...o.# ≈
#.........ooooo.# ≈
###....o.o#ooooo# ##
#...###oo#ooooo# ..#
############@###...#
+......ooo)._.+
##+###+##)#...# #.# ..#
#.# ## #.. ###


You could see an orc knight (strong, ally target), an orc priest (strong), the
friendly Boghold the orc warlord, 4 friendly orc warriors, a friendly orc priest
(strong), a friendly orc wizard (strong) and 14 friendly orcs.

Vanquished Creatures
  Jorgrun (Orc:1)
  Gastronok (D:10)
  A hydra (D:10)
  2 two-headed ogres
  A skyshark (Lair:5)
  A wolf spider (Lair:3)
  Maurice (D:8)
  3 elephants
  3 cane toads
  A black mamba (Lair:1)
  5 komodo dragons
  A rime drake (Lair:3)
  2 trolls
  A tyrant leech (Lair:2)
  Grinder (D:4)
  A dream sheep (D:10)
  3 blink frogs
  Sigmund (D:5)
  22 yaks
  5 wyverns
  A steam dragon (D:7)
  An acid dragon (D:10)
  3 water moccasins
  A black bear (D:11)
  2 ice beasts
  8 orc warriors
  3 sky beasts
  5 ogres
  4 centaurs
  4 wolves
  A phantom (D:4)
  5 kobold brigands
  9 bullfrogs
  4 necrophages (D:7)
  6 scorpions
  A gnoll sergeant (D:7)
  6 wights (D:8)
  4 killer bees (D:10)
  A bullfrog zombie (D:7)
  5 orc priests
  2 centaur zombies
  2 hounds
  A centaur skeleton (D:4)
  5 iguanas
  4 sleepcaps
  Terence (D:2)
  12 orc wizards
  Natasha (thrice) (D:4)
  A killer bee zombie (D:7)
  2 hound zombies (D:4)
  3 gnolls (D:7)
  9 adders
  A white imp (D:7)
  3 ufetubi
  2 adder zombies (D:4)
  3 dart slugs
  34 orcs
  7 ball pythons
  9 endoplasms
  2 giant cockroaches
  7 goblins
  6 hobgoblins
  4 jackals (D:3)
  14 kobolds
  5 quokkas (D:3)
  6 bats
  2 frilled lizards
  5 rats
286 creatures vanquished.

Vanquished Creatures (collateral kills)
  A dire elephant (Lair:5)
  A hydra (Lair:5)
  A catoblepas (Lair:5)
  3 two-headed ogres
  2 lindwurms (Lair:5)
  2 oklob plants (Lair:4)
  An orc knight (Orc:2)
  An ugly thing (D:11)
  2 cyclopes (D:11)
  2 manticores (Lair:5)
  5 elephants
  6 black mambas
  8 cane toads
  A torpor snail (Lair:5)
  4 komodo dragons
  4 rime drakes
  A polar bear (Lair:4)
  2 trolls
  A tyrant leech (Lair:2)
  A hornet (D:11)
  12 blink frogs
  A dream sheep (D:10)
  A wraith (D:11)
  5 wyverns
  6 basilisks
  19 yaks
  A steam dragon (Lair:3)
  A warg (Orc:1)
  7 water moccasins
  7 orc warriors
  7 wolves
  A centaur (D:9)
  4 ogres
  6 bullfrogs
  2 killer bees (D:10)
  3 electric eels
  3 orc priests
  2 orc wizards
  16 orcs
  3 kobolds (D:10)
156 creatures vanquished.

Vanquished Creatures (others)
  An orc sorcerer (Lair:5)
  An orc knight (D:11)
  5 orc wizards
  5 orc warriors
  2 orc priests
  A hound (D:5)
  A gnoll (D:7)
  An adder (D:5)
  A dart slug (D:5)
  38 orcs
56 creatures vanquished.

Grand Total: 498 creatures vanquished

Notes
Turn   | Place    | Note
-------+----------+-------------------------------------------
     0 | D:1      | rabbitsville the Hill Orc Monk began the quest for the Orb.
     0 | D:1      | Reached XP level 1. HP: 19/19 MP: 1/1
   147 | D:1      | Reached XP level 2. HP: 27/27 MP: 2/2
   422 | D:1      | Found a faded altar of an unknown god.
   515 | D:1      | Reached skill level 1 in Armour
   785 | D:2      | Reached XP level 3. HP: 33/33 MP: 3/3
  1008 | D:2      | Noticed Terence
  1022 | D:2      | Killed Terence
  1023 | D:2      | Reached skill level 5 in Axes
  1098 | D:2      | Reached XP level 4. HP: 41/41 MP: 4/4
  1232 | D:2      | Found Taigg's Distillery.
  1694 | D:3      | Reached skill level 5 in Fighting
  1698 | D:3      | Reached XP level 5. HP: 33/48 MP: 5/5
  1839 | D:3      | Found a shimmering altar of Xom.
  2526 | D:4      | Noticed Natasha
  2540 | D:4      | Killed Natasha
  2541 | D:4      | Reached XP level 6. HP: 53/57 MP: 6/6
  2568 | D:4      | Noticed Natasha
  2581 | D:4      | Killed Natasha
  2592 | D:4      | Identified the +8 dagger of Disorder {pain, *Rage rC+ Int+3
                  | Dex+2}
  2653 | D:4      | Noticed Natasha
  2661 | D:4      | Killed Natasha
  2941 | D:4      | Noticed Grinder
  2958 | D:4      | Paralysed by Grinder for 2 turns
  2967 | D:4      | Killed Grinder
  2968 | D:4      | Reached XP level 7. HP: 51/64 MP: 7/7
  3116 | D:4      | Found a sacrificial altar of Ru.
  3256 | D:5      | Entered Level 5 of the Dungeon
  3280 | D:5      | Found a white marble altar of Elyvilon.
  3323 | D:5      | Noticed Sigmund
  3350 | D:5      | Killed Sigmund
  3351 | D:5      | Reached XP level 8. HP: 27/74 MP: 8/8
  3591 | D:5      | Found a shimmering blue altar of Sif Muna.
  3722 | D:5      | Became a worshipper of Beogh the Brigand
  3722 | D:5      | Reached * piety under Beogh
  3722 | D:5      | Reached ** piety under Beogh
  3736 | D:5      | Reached skill level 1 in Invocations
  4061 | D:5      | Found a runed translucent door.
  4075 | D:5      | Noticed Crazy Yiuf
  4583 | D:6      | Found Hyomog's Book Shop.
  4773 | D:6      | Reached XP level 9. HP: 80/83 MP: 10/12
  4800 | D:6      | Found a staircase to the Ecumenical Temple.
  5001 | D:6      | Found a sparkling altar of Nemelex Xobeh.
  5150 | D:7      | Reached skill level 10 in Axes
  5221 | D:7      | Reached skill level 5 in Invocations
  5262 | D:7      | Found a blossoming altar of Fedhas.
  5515 | D:7      | Reached skill level 10 in Fighting
  6464 | D:7      | Reached XP level 10. HP: 59/94 MP: 15/15
  6916 | D:8      | Noticed Maurice
  6971 | D:8      | Killed Maurice
  7396 | D:8      | Reached *** piety under Beogh
  7408 | D:8      | Found a radiant altar of Vehumet.
  7463 | D:8      | Found an opulent altar of Gozag.
  7810 | D:9      | Found a staircase to the Orcish Mines.
  8206 | D:9      | Reached XP level 11. HP: 73/104 MP: 18/18
  8608 | D:10     | Entered Level 10 of the Dungeon
  8619 | D:10     | Reached **** piety under Beogh
  8620 | D:10     | Reached skill level 10 in Invocations
  8672 | D:10     | Noticed Gastronok
  8690 | D:10     | Killed Gastronok
  8707 | D:10     | Noticed a two-headed ogre
  8715 | D:10     | Killed a two-headed ogre
  8937 | D:10     | Noticed an obsidian statue
  9288 | D:10     | Noticed a three-headed hydra
  9295 | D:10     | Killed a six-headed hydra
  9959 | Orc:1    | Entered Level 1 of the Orcish Mines
 10002 | Orc:1    | Found Baqarch's Antique Weapon Boutique.
 10031 | Orc:1    | Noticed an orc sorcerer
 10157 | Orc:1    | Found a bloodstained altar of Trog.
 10165 | Orc:1    | Noticed Jorgrun
 10179 | Orc:1    | Killed Jorgrun
 10799 | D:11     | Noticed a two-headed ogre
 10805 | D:11     | Killed a two-headed ogre
 10811 | D:11     | Noticed a cyclops
 10816 | D:11     | Killed a cyclops
 10819 | D:11     | Reached XP level 12. HP: 116/116 MP: 21/21
 10819 | D:11     | Gained Bogwik as an ally
 10825 | D:11     | Reached skill level 15 in Axes
 11107 | D:11     | Found a gate leading to a gauntlet.
 11121 | Gauntlet | Entered a Gauntlet
 11121 | Gauntlet | Found a transporter.
 11121 | Gauntlet | Found a transporter.
 11126 | Gauntlet | Noticed a death scarab
 11135 | Gauntlet | Found a transporter.
 11139 | Gauntlet | Found a transporter.
 11157 | Gauntlet | Found a transporter.
 11181 | Gauntlet | Found a transporter.
 11189 | Gauntlet | Found a transporter.
 11193 | Gauntlet | Found a transporter.
 11198 | Gauntlet | Noticed a hell beast
 11210 | Gauntlet | Found a transporter.
 11221 | Gauntlet | Noticed a green death
 11224 | Gauntlet | Found a transporter.
 11316 | Gauntlet | Found a transporter.
 11319 | Gauntlet | Found a transporter.
 11365 | D:11     | Paralysed by a hornet for 2 turns
 11470 | D:11     | Found a staircase to the Lair.
 11699 | Lair:1   | Entered Level 1 of the Lair of Beasts
 12540 | Lair:2   | Found an ornate altar of the Wu Jian Council.
 12548 | Lair:2   | Found a staircase to the Swamp.
 12919 | Lair:2   | Identified the ring of Exkysidd {*Corrode rC+ Str+6 SInv}
 13257 | Lair:3   | Found a hole to the Spider Nest.
 13269 | Lair:3   | Reached ***** piety under Beogh
 13278 | Lair:3   | Reached skill level 15 in Fighting
 13526 | Lair:3   | Reached skill level 1 in Shields
 13681 | Lair:3   | You fall into a shaft and drop 2 floors!
 13681 | Lair:5   | Entered Level 5 of the Lair of Beasts
 13681 | Lair:5   | Noticed a catoblepas
 13688 | Lair:5   | Noticed a dire elephant
 13760 | Lair:5   | Noticed a skyshark
 13770 | Lair:5   | Killed a skyshark
 13773 | Lair:5   | Reached XP level 13. HP: 54/127 MP: 16/23
 13779 | Lair:5   | Gained Boghold as an ally
 13808 | Lair:5   | Reached skill level 5 in Shields
 14098 | Lair:4   | Identified a scroll of acquirement
 14098 | Lair:4   | Acquired the +8 Wrath of Trog {antimagic, *Rage Rampage}
 14098 | Lair:4   | Found the +8 Wrath of Trog {antimagic, *Rage Rampage}
 14135 | Lair:4   | Found a viscous altar of Jiyva.
 14135 | Lair:4   | Found a staircase to the Slime Pits.
 14154 | Lair:4   | Identified the ring of Trepidation {Fire *Corrode Str+5
                  | Int+4}
 15604 | Lair:4   | Reached skill level 15 in Invocations
 16091 | Lair:5   | Your ally Bogwik died
 16091 | Lair:5   | Killed a dire elephant
 16866 | Orc:2    | Entered Level 2 of the Orcish Mines
 17185 | Orc:2    | Found a roughly hewn altar of Beogh.
 17198 | Orc:2    | Demolished by an orc knight

Illustrated notes

Levels and vault maps discovered:
D:1:      ebering_hopf_link, layout_basic,
          dreamdust_ecumenical_altar_angels_and_demons
D:2:      layout_loops_corners, serial_shops, nicolae_shop_peninsula,
          uniq_terence
D:3:      layout_basic, xom_confusion_cloud
D:4:      layout_rooms, lemuel_doored_altar, chequers_hall_statues_corner_a,
          dilly_guarded_unrand_morg, uniq_grinder
D:5:      layout_basic, elyvilon_altar_3, mainiacjoe_overflow_surrounded_room,
          uniq_sigmund, uniq_crazy_yiuf_cottage
D:6:      layout_cave_pools, marbit_many_paths,
          minmay_temple_entry_glassed_door, serial_shops, shop
D:7:      minmay_octagon_keep, layout_rooms, fedhas_altar_decomposition
D:8:      layout_loops_ring, mainiacjoe_overflow_two_lobes, uniq_maurice
D:9:      layout_loops_ring, hiddenorc2_lemuel
D:10:     layout_irregular_city, minivault_15, hangedman_ranch, uniq_gastronok
D:11:     layout_basic, grunt_lair_entry_orc_guard_hut, serial_corexii_hall,
          chequers_hall_statues_corner_a, corexii_hall_statues_l,
          corexii_hall_statues_u, gauntlet_entry_generic
Lair:1:   layout_cave_pods, nicolae_quartered_pool_super, lemuel_fruit_tree
Lair:2:   layout_big_grid, minmay_swamp_entry_worms, basic_altar, minivault_25
Lair:3:   layout_concentric_octagons, spider_nest_entry_rubble,
          serial_bayou_shore_b
Lair:4:   layout_layer_cave, minmay_slime_entry_oklob_open,
          infiniplex_staircase_pool_2, serial_bayou_shore_b
Lair:5:   hangedman_lair_in_review, layout_loops_ring, wad_woods_road_04
Orc:1:    layout_diamond_mine, basic_altar, serial_shops,
          nicolae_shop_window_shopping, uniq_jorgrun
Orc:2:    pubby_orc_utopia

Skill      XL: |  1  2  3  4  5  6  7  8  9 10 11 12 13 |
---------------+----------------------------------------+-----
Fighting       | 4 5 6 7 9 10 12 13 15 16 | 16.3
Armour         | 1 2 3 4 |  4.3
Axes           | 5 6 7 8 9 11 13 14 16 | 16.1
Invocations    | 4 7 9 12 14 15 | 15.6
Shields        | 3 8 |  8.4
Dodging        | |  2.4

Action                     |  1- 3 |  4- 6 |  7- 9 | 10-12 | 13-15 || total
---------------------------+-------+-------+-------+-------+-------++-------
  Melee: Hand axe          |    19 |       |       |       |     2 ||    21
         War axe           |    33 |   171 |   281 |   484 |   107 ||  1076
         Battleaxe         |       |       |       |       |    11 ||    11
  Throw: Dart              |       |       |     2 |       |       ||     2
 Invoke: Convert to Beogh  |       |       |     1 |       |       ||     1
         Smiting           |       |       |     2 |    11 |     3 ||    16
         Recall Orcish Fol |       |       |       |     1 |     2 ||     3
         Give Item to Name |       |       |       |     1 |     1 ||     2
  Evoke: Wand              |       |       |     5 |     1 |       ||     6
    Use: Potion            |       |     3 |     1 |     4 |     1 ||     9
         Scroll            |       |       |       |     3 |    13 ||    16
   Stab: Confused          |       |       |       |     3 |       ||     3
         Distracted        |       |       |       |     5 |     5 ||    10
         Paralysed         |       |       |       |     8 |       ||     8
 Armour: Robe              |    13 |     4 |       |       |       ||    17
         Plate armour      |       |   137 |   163 |   222 |    40 ||   562
         Chain mail        |       |       |       |       |     3 ||     3
  Dodge: Dodged            |    32 |    39 |    94 |   123 |    17 ||   305
  Block: Tower shield      |       |       |       |    22 |    78 ||   100

Table legend: (Time is in decaauts)
 A = Elapsed time spent in this place.
 B = Non-inter-level travel time spent in this place.
 C = Inter-level travel time spent in this place.
 D = Time resting spent in this place.
 E = Time spent auto-exploring this place.
 F = Levels seen in this place.
 G = Mean time per level.
                   A        B        C        D        E       F      G
               +--------+--------+--------+--------+--------+-----+--------+
         Total |  17225 |  16436 |    789 |    632 |   8137 |  19 |  906.6 |
       Dungeon |  10835 |  10329 |    506 |    252 |   5979 |  11 |  985.0 |
          Lair |   5077 |   4805 |    272 |    380 |   1768 |   5 | 1015.4 |
  Orcish Mines |   1086 |   1075 |     11 |      0 |    390 |   2 |  543.0 |
      Gauntlet |    226 |    226 |      0 |      0 |      0 |   1 |  226.0 |
               +--------+--------+--------+--------+--------+-----+--------+

Top non-repeatable levels by time:
     D:7: 1448 daAuts
  Lair:4: 1411 daAuts
    D:10: 1364 daAuts
     D:5: 1212 daAuts
  Lair:1: 1080 daAuts
  Lair:3: 1011 daAuts
     D:9: 968 daAuts
     D:8: 937 daAuts
  Lair:2: 908 daAuts
     D:3: 901 daAuts
     D:6: 871 daAuts
     D:4: 843 daAuts
     D:2: 814 daAuts
   Orc:1: 790 daAuts
     D:1: 746 daAuts
